 Dungeon Crawl Stone Soup version 0.23-a0-644-gb60d84b (webtiles) character file.

1057 Borgoz the Ruffian (level 8, -1/68 HPs)
             Began as a Ghoul Gladiator on Jan 1, 2019.
             Slain by a steam dragon (3 damage)
             ... on level 4 of the Dungeon.
             The game lasted 00:10:22 (4446 turns).

Borgoz the Ruffian (Ghoul Gladiator)                Turns: 4446, Time: 00:10:22

Health: -1/68      AC:  6    Str: 18    XL:     8   Next: 26%
Magic:  0/11       EV: 13    Int:  3    God:
Gold:   221        SH:  0    Dex: 12    Spells: 13/13 levels left

rFire    . . .     SeeInvis .     - Unarmed
rCold    + . .     Gourm    .   (no shield)
rNeg     + + +     Faith    .   C - +0 ring mail
rPois    ∞         Spirit   +   b - +0 helmet
rElec    .         Reflect  .   m - scarf {Spirit}
rCorr    .         Harm     .   (no gloves)
MR       +....                  (no boots)
Stlth    +.........             (no amulet)
HPRegen  0.00/turn              a - ring of protection from magic
MPRegen  0.12/turn              (no ring)

@: rotting
A: rotting body, claws 1, carnivore, cold resistance 1, negative energy
resistance 3, inhibited regeneration, torment resistance, unbreathing
a: no special abilities


You were on level 4 of the Dungeon.
You were not hungry.

You visited 1 branch of the dungeon, and saw 5 of its levels.

You collected 221 gold pieces.

Inventory:

Hand Weapons
 e - a +0 vampiric whip
Missiles
 c - 7 throwing nets (quivered)
Armour
 b - a +0 helmet (worn)
 m - a scarf of spirit shield (worn)
 C - a +0 ring mail (worn)
Jewellery
 a - a ring of protection from magic (left claw)
 p - an uncursed amulet of the gourmand
Scrolls
 f - a scroll of enchant armour {unknown}
 h - 3 scrolls of teleportation
 i - 6 scrolls of remove curse
 k - a scroll of fog {unknown}
 l - a scroll of random uselessness {unknown}
 o - a scroll of magic mapping {unknown}
 q - a scroll of immolation {unknown}
 r - a scroll of amnesia {unknown}
 s - 2 scrolls of identify {unknown}
 u - a scroll of noise {unknown}
 y - a scroll of blinking {unknown}
 z - 2 scrolls of fear {unknown}
 A - a scroll of enchant weapon {unknown}
Potions
 g - 2 potions of flight {unknown}
 j - a potion of ambrosia {unknown}
 n - a potion of cancellation {unknown}
 t - a potion of might {unknown}
 v - a potion of curing {unknown}
 w - 4 potions of degeneration {unknown}
 x - a potion of brilliance {unknown}
Comestibles
 d - 4 rations


   Skills:
 + Level 5.0 Fighting
 - Level 1.7 Throwing
 + Level 3.5 Armour
 + Level 4.6 Dodging
 + Level 5.6 Unarmed Combat
 + Level 3.2 Spellcasting


You had 13 spell levels left.
You didn't know any spells.
Your spell library was empty.

Dungeon Overview and Level Annotations

Branches:
Dungeon (5/15)
 Temple: D:4-7

Altars:
Dithmenos
Fedhas
Uskayaw
Wu Jian
The Shining One

Shops:
D:4 [


Innate Abilities, Weirdness & Mutations

Your body is rotting away.
You thrive on raw meat.
You are immune to poison.
You have sharp fingernails.
You are carnivorous and can eat meat at any time.
Your flesh is cold resistant. (rC+)
You are immune to negative energy. (rN+++)
You do not regenerate when monsters are visible.
You are immune to unholy pain and torment.
You can survive without breathing.


Message History

The steam dragon is moderately wounded.
The steam dragon barely misses you. The steam dragon closely misses you.
You barely miss the steam dragon.
The steam dragon is moderately wounded.
The steam dragon closely misses you.
The steam dragon claws you but does no damage.
Okay, then.
You claw the steam dragon!
The steam dragon is heavily wounded.
The steam dragon bites you but does no damage.
The steam dragon closely misses you.
You scratch the steam dragon but do no damage.
The steam dragon is heavily wounded.
You scratch the steam dragon.
The steam dragon is severely wounded.
The steam dragon breathes steam at you. The ball of steam hits you!
* * * LOW HITPOINT WARNING * * *
The steam dragon bites you.
You die...

.######.#.#.###.#
## #.#.......#
#.####.##.##
#.#........#
#####.#.###.#..#
#.......###....#
#.......##.§...#
#.......##.§§§D#
#.......##§§.#@#
#.....))##...#.#
#####.#<##...#.###
#.#####......#
#............#
#######......#
#......# #......#
#......#


You could see a steam dragon.

Vanquished Creatures
  A phantom (D:4)
  An ogre (D:3)
  A scorpion (D:4)
  4 gnoll shamans (D:3)
  2 bullfrog skeletons (D:4)
  An orc wizard (D:4)
  2 worker ants (D:4)
  Natasha (thrice) (D:2)
  A hound skeleton (D:4)
  5 adders
  36 gnolls
  An ooze (D:3)
  An adder skeleton (D:4)
  A worm (D:5)
  4 dart slugs
  2 leopard geckos (D:3)
  3 orcs
  5 bats
  8 giant cockroaches
  8 goblins
  7 hobgoblins
  13 jackals (D:3)
  3 quokkas (D:4)
  5 frilled lizards
  7 kobolds
  9 rats
134 creatures vanquished.

Notes
Turn   | Place    | Note
-------+----------+-------------------------------------------
     0 | D:1      | Borgoz the Ghoul Gladiator began the quest for the Orb.
     0 | D:1      | Reached XP level 1. HP: 17/17 MP: 0/0
    50 | D:1      | Reached XP level 2. HP: 17/25 MP: 1/1
   282 | D:1      | Reached XP level 3. HP: 27/30 MP: 2/2
   617 | D:2      | Reached skill level 1 in Armour
   880 | D:2      | Found a shadowy altar of Dithmenos.
  1071 | D:2      | Reached skill level 1 in Spellcasting
  1090 | D:2      | Found an ornate altar of the Wu Jian Council.
  1098 | D:2      | Reached XP level 4. HP: 35/37 MP: 4/4
  1374 | D:2      | Found a hide-covered altar of Uskayaw.
  1459 | D:2      | Noticed Natasha
  1478 | D:2      | HP: 1/37 [Natasha (1)]
  1480 | D:2      | Killed Natasha
  1696 | D:2      | Noticed Natasha
  1701 | D:2      | Killed Natasha
  1701 | D:2      | Reached XP level 5. HP: 39/45 MP: 4/6
  1748 | D:2      | Noticed Natasha
  1757 | D:2      | Killed Natasha
  2245 | D:4      | Reached XP level 6. HP: 51/51 MP: 7/7
  2999 | D:3      | Reached XP level 7. HP: 30/59 MP: 1/9
  3067 | D:3      | Reached skill level 5 in Unarmed Combat
  3881 | D:3      | Reached XP level 8. HP: 47/67 MP: 8/11
  4174 | D:4      | Found a blossoming altar of Fedhas.
  4264 | D:4      | Found Iweafy's Armour Emporium.
  4322 | D:4      | Found a glowing golden altar of the Shining One.
  4345 | D:5      | Entered Level 5 of the Dungeon
  4385 | D:4      | Reached skill level 5 in Fighting
  4445 | D:4      | HP: 2/68 [steam dragon/ball of steam (11)]
  4446 | D:4      | Slain by a steam dragon

Vault maps used:
D:1:      dpeg_arrival_arbitrary_b
D:2:      lemuel_doored_altar, overflow_temple_1_default, marbit_many_paths,
          uniq_natasha
D:3:      lemuel_castle_with_subvaults
D:4:      overflow_temple_1_default, kennysheep_little_box, serial_shops, shop,
          first_ration
D:5:      kennysheep_steamy, elyvilon_altar_4

Skill      XL: |  1  2  3  4  5  6  7  8 |
---------------+-------------------------+-----
Armour         | 1 2 3 |  3.5
Dodging        | 3 4 |  4.6
Spellcasting   | 1 2 3 |  3.2
Fighting       | 3 4 5 |  5.0
Unarmed Combat | 4 5 |  5.6
Throwing       | |  1.7

Action                   |  1- 3 |  4- 6 |  7- 9 || total
-------------------------+-------+-------+-------++-------
Melee: Unarmed           |   106 |   256 |   201 ||   563
       Punch             |     1 |     1 |     2 ||     4
Throw: Throwing net      |       |       |     1 ||     1
  Use: Potion            |       |     3 |     1 ||     4
       Scroll            |       |       |     2 ||     2
  Eat: Chunk             |    11 |    35 |    30 ||    76
Armor: Leather armour    |    34 |    53 |    20 ||   107
       Ring mail         |       |       |    11 ||    11
Dodge: Dodged            |    71 |   184 |   125 ||   380

Table legend:
 A = Non-vault XP
 B = Vault XP
 C = Vault XP percentage of total XP
 D = Non-vault monster count
 E = Vault monster count
 F = Vault count percentage of total count
                 A         B        C        D         E       F
            +---------+---------+-------+---------+---------+-------
      Total |     656 |     854 |  56.6 |      78 |      56 |  41.8
            +---------+---------+-------+---------+---------+-------
        D:1 |      36 |       0 |   0.0 |      19 |       0 |   0.0
        D:2 |     127 |      39 |  23.5 |      22 |       2 |   8.3
        D:3 |      60 |     787 |  92.9 |      19 |      52 |  73.2
        D:4 |     427 |      28 |   6.2 |      16 |       2 |  11.1
        D:5 |       6 |       0 |   0.0 |       2 |       0 |   0.0
            +---------+---------+-------+---------+---------+-------
